 Dungeon Crawl Stone Soup version 0.28-a0-991-g956f0ee3d5 (webtiles) character file.

Game seed: 8239564519109264861

200 voltaire321 the Sneak (level 5, -3/34 HPs)
             Began as an Octopode Earth Elementalist on Dec 4, 2021.
             Was an Initiate of Makhleb.
             Slain by an iguana (7 damage)
             ... on level 3 of the Dungeon.
             The game lasted 00:05:33 (1062 turns).

voltaire321 the Sneak (Octopode Earth Elementalist) Turns: 1062, Time: 00:05:33

Health: -3/34      AC:  1    Str:  7    XL:     5   Next: 78%
Magic:  7/8        EV: 14    Int: 18    God:    Makhleb [......]
Gold:   20         SH:  0    Dex: 20    Spells: 6/9 levels left

rFire   . . .      SeeInvis .   c - +0 short sword
rCold   . . .      Faith    .   (no shield)
rNeg    . . .      Spirit   .   (helmet restricted)
rPois   .          Reflect  .   e - amulet of regeneration
rElec   .          Harm     .   d - +6 ring of dexterity
rCorr   .          Rampage  .   (no ring)
Will    .....                   (no ring)
Stlth   ++++......              (no ring)
HPRegen 0.91/turn               (no ring)
MPRegen 0.11/turn               (no ring)
                                (no ring)
                                (no ring)

@: brilliant, flying
A: almost no armour, amphibious, 8 rings, camouflage 1, gelatinous body 1,
(nimble swimmer 1), tentacles
a: Renounce Religion


You were on level 3 of the Dungeon.
You worshipped Makhleb.
Makhleb was noncommittal.
You visited 1 branch of the dungeon, and saw 4 of its levels.

You collected 20 gold pieces.

Inventory:

Hand Weapons
 c - a +0 short sword (weapon)
Missiles
 b - 42 stones
Jewellery
 d - a +6 ring of dexterity (left tentacle)
 e - an amulet of regeneration (around mantle)
Scrolls
 h - a scroll of vulnerability {unknown}
Potions
 g - a potion of mutation {unknown}


   Skills:
 + Level 1.8 Fighting
 + Level 2.7 Dodging
 + Level 3.9 Stealth
 + Level 1.7 Unarmed Combat
 + Level 2.6 Spellcasting
 + Level 2.0 Transmutations
 + Level 3.6 Earth Magic
 + Level 0.9 Invocations


You had 6 spell levels left.
You knew the following spells:

 Your Spells              Type           Power      Damage    Failure   Level
a - Sandblast             Erth           44%        2d11      3%          1
b - Passwall              Tmut/Erth      15%        N/A       9%          2

Your spell library contained the following spells:

 Spells                   Type           Power      Damage    Failure   Level
 Stone Arrow              Conj/Erth      26%        3d8       24%         3
 Petrify                  Tmut/Erth      18%        N/A       47%         4


Dungeon Overview and Level Annotations

Branches:
Dungeon (4/15)
 Temple: D:4-7

Altars:
Cheibriados
Makhleb
Nemelex Xobeh
Ru
Xom

Annotations:
D:3 Jessica, Sigmund


Innate Abilities, Weirdness & Mutations

You cannot wear most types of armour.
You are amphibious.
You can wear up to eight rings at the same time.
Your skin changes colour to match your surroundings (Stealth+).
Your rubbery body absorbs attacks. (AC +1, EV +1)
((You are camouflaged near water. (Stealth+)))
You have tentacles for arms and can constrict up to eight enemies at once.


Message History

You closely miss the iguana. You grab the iguana. You constrict the iguana.
The iguana bites you but does no damage.
You hit the iguana.
The iguana is lightly wounded.
You constrict the iguana. The iguana misses you.
You hit the iguana.
The iguana is moderately wounded.
You constrict the iguana, but do no damage.
The iguana bites you.
You hit the iguana but do no damage.
The iguana is moderately wounded.
You constrict the iguana, but do no damage.
A quokka comes into view.
The iguana misses you.
Casting: Sandblast (safe; 3% risk of failure)
Confirm with . or Enter, or press ? or * to list all spells.
Aiming: Sandblast (safe; 3% risk of failure)
Press: ? - help, Shift-Dir - straight line, f - iguana
Aim: an iguana (moderately wounded, constricted by you, 100% to hit)
The blast of sand hits the iguana but does no damage.
The iguana is moderately wounded.
You constrict the iguana. The iguana bites you!
You release your grip on the iguana.
The iguana bites you!
* * * LOW HITPOINT WARNING * * *
You climb upwards.
There is a stone staircase leading down here.
Found a book of Hexes.
Jessica the Apprentice Sorceress comes into view.
She is wielding a +0 club.
Okay, then.
It was a potion of flight.
You feel very buoyant.
You fly up into the air.
Jessica shouts!
The iguana bites you.
* * * LOW HITPOINT WARNING * * *
It was a potion of brilliance.
You feel clever all of a sudden. The iguana closely misses you.
The iguana bites you!
You die...

.. #. .@ #.
##. ###. ..
.:. #. #.#
#
#.##.##.##
#........#
#>#.#
##l@##.###.
##.....@..
#.########
#.# #.# #.
. #


You could see an iguana and Jessica.

Vanquished Creatures
  An ogre (D:4)
  A scorpion (D:4)
  A hound skeleton (D:4)
  4 orcs (D:4)
  3 bats
  3 endoplasms
  A giant cockroach (D:2)
  4 goblins (D:1)
  3 hobgoblins
  3 jackals (D:1)
  5 kobolds (D:1)
  A ball python (D:1)
  2 frilled lizards (D:1)
  A rat (D:2)
33 creatures vanquished.

Vanquished Creatures (others)
  14 plants (D:4)
14 creatures vanquished.

Grand Total: 47 creatures vanquished

Notes
Turn   | Place    | Note
-------+----------+-------------------------------------------
     0 | D:1      | voltaire321 the Octopode Earth Elementalist began the quest
                  | for the Orb.
     0 | D:1      | Reached XP level 1. HP: 11/11 MP: 3/3
    47 | D:1      | Reached XP level 2. HP: 14/17 MP: 1/5
   310 | D:1      | Learned a level 2 spell: Passwall
   413 | D:1      | Found a faded altar of an unknown god.
   671 | D:2      | Reached XP level 3. HP: 22/22 MP: 6/6
   682 | D:2      | Reached skill level 1 in Unarmed Combat
   769 | D:2      | You fall into a shaft and drop 2 floors!
   769 | D:4      | Noticed a scorpion
   776 | D:4      | Killed a scorpion
   777 | D:4      | Reached skill level 1 in Fighting
   777 | D:4      | Reached XP level 4. HP: 15/28 MP: 4/7
   794 | D:4      | Found a shimmering altar of Xom.
   795 | D:4      | Found a snail-covered altar of Cheibriados.
   795 | D:4      | Found a burning altar of Makhleb.
   803 | D:4      | Became a worshipper of Makhleb the Destroyer
   823 | D:4      | Found a sparkling altar of Nemelex Xobeh.
   826 | D:4      | Found a sacrificial altar of Ru.
   865 | D:4      | Noticed an ogre
   891 | D:4      | Killed an ogre
   892 | D:4      | Reached XP level 5. HP: 18/34 MP: 2/8
   989 | D:4      | Noticed an ogre
  1057 | D:3      | Noticed Sigmund
  1059 | D:3      | Noticed Jessica
  1062 | D:3      | Slain by an iguana

Illustrated notes

Levels and vault maps discovered:
D:1:      eino_arrival_water_star, layout_rooms,
          ebering_ecumenical_altar_sacrificial, chequers_mini_garden
D:2:      kennysheep_the_goblin_king, layout_loops_corners
D:3:      layout_loops_cross, okawaru_trees_2, uniq_sigmund, uniq_jessica
D:4:      layout_basic, mainiacjoe_overflow_cross_hatched, marbit_many_paths,
          mainiacjoe_overflow_six_doors_small, minmay_overflow_temple_star_hex,
          uniq_ijyb

Skill      XL: |  1  2  3  4  5 |
---------------+----------------+-----
Stealth        | 3 |  3.9
Unarmed Combat | 1 |  1.7
Fighting       | 1 |  1.8
Transmutations | 2 |  2.0
Dodging        | |  2.7
Spellcasting   | |  2.6
Earth Magic    | |  3.6
Invocations    | |  0.9

Action                   |  1- 3 |  4- 6 || total
-------------------------+-------+-------++-------
Melee: Unarmed           |     7 |       ||     7
       Constrict         |    11 |     7 ||    18
       Short sword       |    36 |    18 ||    54
       Tentacles         |     5 |     5 ||    10
       Punch             |     1 |       ||     1
 Cast: Sandblast         |     7 |     7 ||    14
  Use: Potion            |       |     2 ||     2
 Stab: Sleeping          |     6 |     1 ||     7
Armor: Skin              |     4 |     1 ||     5
Dodge: Dodged            |    30 |     9 ||    39

Table legend: (Time is in decaauts)
 A = Elapsed time spent in this place.
 B = Non-inter-level travel time spent in this place.
 C = Inter-level travel time spent in this place.
 D = Time resting spent in this place.
 E = Time spent auto-exploring this place.
 F = Levels seen in this place.
 G = Mean time per level.
                   A        B        C        D        E       F      G
               +--------+--------+--------+--------+--------+-----+--------+
         Total |   1065 |   1065 |      0 |    276 |    404 |   4 |  266.2 |
       Dungeon |   1065 |   1065 |      0 |    276 |    404 |   4 |  266.2 |
               +--------+--------+--------+--------+--------+-----+--------+

Top non-repeatable levels by time:
     D:1: 665 daAuts
     D:4: 290 daAuts
     D:2: 105 daAuts
     D:3: 4 daAuts
